 Dungeon Crawl Stone Soup version 0.21.0-30-g47ce8e4 (webtiles) character file.

5384 resurtm2 the Fighter (level 10, -2/97 HPs)
             Began as a Minotaur Fighter on Jan 28, 2018.
             Was a Priest of Trog.
             Killed from afar by an electric eel (5 damage)
             ... with a bolt of electricity
             ... on level 9 of the Dungeon.
             The game lasted 00:43:12 (9386 turns).

resurtm2 the Fighter (Minotaur Fighter)             Turns: 9386, Time: 00:43:13

Health: -2/97      AC: 14    Str: 24    XL:     10   Next: 39%
Magic:  3/3        EV:  7    Int:  5    God:    Trog [***...]
Gold:   466        SH: 15    Dex: 10    Spells: 9/9 levels left

rFire    . . .     SeeInvis .   w - +1 flail (antimagic)
rCold    . . .     Gourm    .   c - +0 shield
rNeg     . . .     Faith    .   G - +0 plate armour
rPois    .         Spirit   .   (helmet restricted)
rElec    .         Reflect  +   (no cloak)
rCorr    .         Harm     .   (no gloves)
MR       .....                  (no boots)
Stlth    ..........             l - +3 amulet of reflection
HPRegen  0.26/turn              t - ring of wizardry
MPRegen  0.08/turn              C - +1 ring of evasion

@: no status effects
A: retaliatory headbutt, horns 2
a: Berserk, Trog's Hand, Burn Spellbooks, Renounce Religion


You were on level 9 of the Dungeon.
You worshipped Trog.
Trog was most pleased with you.
You were hungry.

You visited 2 branches of the dungeon, and saw 12 of its levels.

You collected 466 gold pieces.

Inventory:

Hand Weapons
 s - a +0 morningstar
 w - a +1 antimagic flail (weapon)
Missiles
 g - 11 poisoned needles
 j - 262 stones (quivered)
Armour
 c - a +0 shield (worn)
 B - a +2 chain mail of fire resistance
 G - a +0 plate armour (worn)
Jewellery
 e - an uncursed amulet of faith
 l - a +3 amulet of reflection (around neck)
 t - a ring of wizardry (left hand)
 C - a +1 ring of evasion (right hand)
Wands
 a - a wand of flame (23)
 b - a wand of acid (2)
 y - a wand of disintegration (6)
 F - a wand of clouds (5)
Scrolls
 d - 5 scrolls of fear
 i - a scroll of vulnerability {unknown}
 n - 3 scrolls of remove curse
 o - 3 scrolls of teleportation
 p - a scroll of blinking
 E - a scroll of enchant armour {unknown}
Potions
 h - 2 potions of curing
 k - a potion of resistance
 m - 2 potions of flight
 q - a potion of mutation {unknown}
 u - a potion of experience {unknown}
 v - a potion of haste {unknown}
 z - a potion of agility
 A - a potion of might
Books
 r - a book of Maledictions

   Spells                             Type                      Level
   a - Corona                         Hexes                        1
   b - Ensorcelled Hibernation        Hexes/Ice                    2
   c - Confuse                        Hexes                        3
   d - Tukima's Dance                 Hexes                        3
   e - Dazzling Spray                 Conjuration/Hexes            3
   Trog disapproves of the use of such an item.
 x - a book of Minor Magic

   Spells                             Type                      Level
   a - Magic Dart                     Conjuration                  1
   b - Blink                          Translocation                2
   c - Call Imp                       Summoning                    2
   d - Slow                           Hexes                        2
   e - Conjure Flame                  Conjuration/Fire             3
   f - Mephitic Cloud                 Conjuration/Poison/Air       3
   Trog disapproves of the use of such an item.
 D - a book of Frost

   Spells                             Type                      Level
   a - Freeze                         Ice                          1
   b - Throw Frost                    Conjuration/Ice              2
   c - Ozocubu's Armour               Charms/Ice                   3
   d - Throw Icicle                   Conjuration/Ice              4
   e - Summon Ice Beast               Ice/Summoning                4
   Trog disapproves of the use of such an item.
Miscellaneous
 I - a fan of gales
Comestibles
 f - 15 rations


   Skills:
 * Level 12.0 Fighting
 + Level 8.6 Maces & Flails
 + Level 9.1 Armour
 + Level 9.2 Shields


You had 9 spell levels left.
You didn't know any spells.

Dungeon Overview and Level Annotations

Branches:
Dungeon (11/15)            Temple (1/1) D:4
   Lair: D:8-11         Orc: D:9-12

Altars:
Ashenzari
Cheibriados
Dithmenos
Elyvilon
Fedhas
Gozag
Hepliaklqana
Kikubaaqudgha
Makhleb
Nemelex Xobeh
Okawaru
Qazlal
Ru
Sif Muna
Trog
Uskayaw
Vehumet
Wu Jian
Xom
Yredelemnul
Zin
The Shining One

Shops:
D:6 [   D:7 %   D:11 (


Innate Abilities, Weirdness & Mutations

You reflexively headbutt those who attack you in melee.
You have a pair of horns on your head.


Message History

The electric eel shoots out a bolt of lightning at you!
The bolt of electricity hits the plant.
The bolt of electricity hits you!
The electric eel shoots out a bolt of lightning at you!
The bolt of electricity hits you!
The electric eel shoots out a bolt of lightning at you!
The bolt of electricity hits the plant.
The bolt of electricity hits you!
The electric eel shoots out a bolt of lightning at you!
The bolt of electricity hits you!
The electric eel shoots out a bolt of lightning at you!
The bolt of electricity hits you!
* * * LOW HITPOINT WARNING * * *
The electric eel shoots out a bolt of lightning at you!
The bolt of electricity hits you!
* * * LOW HITPOINT WARNING * * *
The electric eel shoots out a bolt of lightning at you!
The bolt of electricity hits you!
* * * LOW HITPOINT WARNING * * *
The electric eel shoots out a bolt of lightning at you!
The bolt of electricity hits you!
You die...

≈≈≈≈PP≈≈[≈≈≈≈PP.#
≈≈≈P≈≈≈≈≈≈≈≈≈≈..# .####
≈≈P≈≈≈;≈≈≈♣≈P...# .....
≈≈P≈≈≈≈≈♣♣♣.....####
.....♣≈≈≈P≈≈♣............#
......♣P♣♣♣♣..........#.##
#....... ##...........# #..
... ...##.#...####.# #.#
#)# #.....@..###..### ..#
#)# #.........#.....#
..###[# ##.....)...#.#.#.#
......# ...........#.....#
..#########.........#.#.#.#
..[.).#...................#
..###.#.###.......>.(...###
..# #.#.# #........<#####
.p###.#.###..........##


You could see an electric eel.

Vanquished Creatures
  A two-headed ogre (D:10)
  Pikel (D:9)
  2 ugly things
  A troll (D:11)
  A hippogriff (D:10)
  A shadow (D:11)
  Edmund (D:6)
  A slave (D:9)
  2 orc warriors
  A sky beast (D:11)
  4 ice beasts
  2 phantoms
  An ogre (D:9)
  3 centaurs
  3 bullfrogs
  3 wights (D:7)
  2 howler monkeys
  3 crimson imps
  2 bullfrog zombies
  4 jellies
  A quasit (D:6)
  7 orc priests
  6 orc wizards
  A hound (D:6)
  A centaur skeleton (D:5)
  2 iguanas
  3 worker ants
  A killer bee zombie (D:6)
  5 gnolls
  A howler monkey skeleton (D:4)
  13 adders
  3 shadow imps
  An adder skeleton (D:5)
  4 worms
  2 dart slugs (D:1)
  9 leopard geckos
  23 orcs
  8 giant cockroaches
  12 goblins
  8 hobgoblins
  4 jackals (D:6)
  3 quokkas
  3 ball pythons
  4 bats
  5 frilled lizards
  6 kobolds
  2 leopard gecko skeletons (D:4)
  A leopard gecko zombie (D:5)
  4 rats
182 creatures vanquished.

Vanquished Creatures (others)
  A slave (D:9)
  A centaur (D:8)
  An orc wizard (D:9)
  A worker ant (D:9)
  An adder (D:9)
  2 orcs (D:9)
  A goblin (D:3)
8 creatures vanquished.

Grand Total: 190 creatures vanquished

Notes
Turn   | Place    | Note
-------+----------+-------------------------------------------
     0 | D:1      | resurtm2 the Minotaur Fighter began the quest for the Orb.
     0 | D:1      | Reached XP level 1. HP: 19/19 MP: 0/0
    75 | D:1      | Reached XP level 2. HP: 6/27 MP: 1/1
    80 | D:1      | Reached skill level 4 in Fighting
    83 | D:1      | HP: 1/27 [hobgoblin/club (3)]
   583 | D:1      | Reached XP level 3. HP: 20/34 MP: 2/2
  1267 | D:2      | Found a faded altar of an unknown god.
  1276 | D:2      | Found a shadowy altar of Dithmenos.
  1407 | D:2      | Reached XP level 4. HP: 34/41 MP: 3/3
  1613 | D:2      | Reached skill level 5 in Fighting
  1793 | D:2      | Reached XP level 5. HP: 12/48 MP: 4/4
  2112 | D:2      | Found an ancient bone altar of Kikubaaqudgha.
  2644 | D:5      | Entered Level 5 of the Dungeon
  3057 | D:4      | Found a staircase to the Ecumenical Temple.
  3066 | Temple   | Entered the Ecumenical Temple
  3202 | Temple   | Became a worshipper of Trog the Wrathful
  3504 | D:3      | Reached XP level 6. HP: 57/57 MP: 5/5
  3549 | D:3      | Reached skill level 5 in Shields
  3780 | D:3      | Reached skill level 6 in Fighting
  4169 | D:3      | Reached skill level 5 in Armour
  4712 | D:5      | Reached * piety under Trog
  4784 | D:5      | Reached XP level 7. HP: 64/64 MP: 6/6
  5035 | D:5      | Reached skill level 7 in Fighting
  5229 | D:6      | Found Gawkidec's Antique Armour Boutique.
  5254 | D:6      | Noticed Edmund
  5267 | D:6      | Killed Edmund
  5406 | D:6      | Reached skill level 5 in Maces & Flails
  5520 | D:6      | Reached XP level 8. HP: 60/74 MP: 2/7
  5610 | D:6      | Reached skill level 8 in Fighting
  5612 | D:6      | Found a shimmering altar of Xom.
  5776 | D:6      | Found a hazy altar of Hepliaklqana.
  5821 | D:6      | Found an ornate altar of the Wu Jian Council.
  6252 | D:7      | Reached ** piety under Trog
  6707 | D:7      | Reached skill level 9 in Fighting
  6784 | D:7      | Found a white marble altar of Elyvilon.
  6836 | D:7      | Found Ytza's Food Boutique.
  6994 | D:7      | Found a stormy altar of Qazlal.
  7453 | D:8      | You fall through a shaft for 3 floors!
  7463 | D:11     | Reached XP level 9. HP: 62/85 MP: 2/8
  7733 | D:11     | Reached skill level 10 in Fighting
  7774 | D:11     | Found Beag's Antique Weapon Shop.
  7776 | D:11     | Noticed a red ugly thing
  7777 | D:11     | Noticed a troll
  7783 | D:11     | Killed a troll
  7792 | D:11     | Killed a red ugly thing
  7900 | D:10     | Entered Level 10 of the Dungeon
  7902 | D:10     | Noticed a green ugly thing
  7905 | D:10     | Noticed a two-headed ogre
  7919 | D:10     | Killed a green ugly thing
  7919 | D:10     | Reached skill level 11 in Fighting
  7923 | D:10     | Killed a two-headed ogre
  7923 | D:10     | Reached XP level 10. HP: 92/96 MP: 3/9
  8251 | D:9      | Noticed Pikel
  8290 | D:9      | Killed Pikel
  8910 | D:8      | Reached skill level 12 in Fighting
  8943 | D:8      | Found a sparkling altar of Nemelex Xobeh.
  8947 | D:8      | Reached *** piety under Trog
  9385 | D:9      | HP: 3/97 [electric eel/bolt of electricity (10)]
  9386 | D:9      | Killed from afar by an electric eel

Skill      XL: |  1  2  3  4  5  6  7  8  9 10 |
---------------+-------------------------------+-----
Fighting       | 4 5 6 7 9 11 12 | 12.0
Armour         | 4 5 6 7 8 9 |  9.1
Shields        | 4 5 6 7 8 9 |  9.2
Maces & Flails | 3 4 5 6 8 |  8.6

Action                   |  1- 3 |  4- 6 |  7- 9 | 10-12 || total
-------------------------+-------+-------+-------+-------++-------
Melee: Flail             |    89 |   154 |   179 |   103 ||   525
       Headbutt          |     8 |    25 |    42 |    14 ||    89
       Morningstar       |       |     1 |    34 |       ||    35
Throw: Stone             |       |     1 |       |       ||     1
Invok: Berserk           |       |       |     5 |     3 ||     8
  Use: Potion            |     1 |       |       |       ||     1
       Scroll            |     2 |     3 |     6 |     3 ||    14
  Eat: Chunk             |     2 |    10 |     8 |     7 ||    27
       Ration            |       |       |     2 |       ||     2
Armor: Scale mail        |    31 |       |    45 |       ||    76
       Ring mail         |    17 |    44 |     6 |       ||    67
       Chain mail        |       |       |    29 |    23 ||    52
       Plate armour      |       |       |       |    19 ||    19
Dodge: Dodged            |    47 |    52 |    49 |    13 ||   161
Block: Shield            |    70 |   122 |   144 |    65 ||   401
       Reflection        |       |     4 |     8 |     5 ||    17
